Map: Hecate LE

Players

David - Winner!

  • Race: Zerg Zerg
  • League: Platinum
  • Spawn Location: 1:00

SubN

  • Race: Zerg Zerg
  • League: Diamond
  • Spawn Location: 7:00

VOD

Have the link to the VOD?

Description

Time

  • Played on: Dec. 21, 2023, 6:34 p.m.
  • Length: 11:54
Show
View Real Time Build Order
Export as new Build Order

David Zerg - Winner!

Build Orders: Hatch First 

Get SALT Encoding   

  12  0:02  Drone  
  13  0:13  Overlord  
  13  0:17  Drone  
  14  0:31  Drone x2  
  16  0:49  Hatchery  
  15  0:52  Drone  
  15  0:55  Drone  
  17  0:59  Drone  
  18  1:09  Extractor  
  17  1:14  Spawning Pool  
  17  1:16  Drone  
  17  1:20  Drone  
  18  1:29  Drone  
  19  1:41  Drone  
  20  1:51  Drone  
  21  2:01  Overlord  
  21  2:02  Queen x2  
  21  2:03  Zergling x2  
  26  2:15  Drone  
  26  2:16  Drone  
  26  2:22  Drone x2  
  30  2:29  Hatchery  
  29  2:33  Drone  
  30  2:46  Drone x2  
  30  2:47  Drone  
  33  2:51  Queen  
  33  2:54  Overlord  
  33  2:56  Drone  
  36  3:06  Roach Warren, Overlord  
  36  3:11  Lair  
  35  3:13  Drone  
  35  3:15  Drone  
  35  3:18  Drone x2  
  39  3:31  Drone x2  
  39  3:32  Drone  
  42  3:35  Drone  
  42  3:36  Extractor  
  42  3:47  Roach x3  
  48  3:56  Drone x3, Overlord x2  
  48  3:59  Roach x3  
  57  4:07  Extractor  
  56  4:13  Roach  
  56  4:14  Evolution Chamber  
  56  4:15  Roach  
  56  4:16  Drone x3  
  62  4:18  Drone  
  62  4:20  Extractor  
  62  4:29  Roach x2  
  62  4:30  Roach  
  68  4:31  Drone x2  
  68  4:32  Drone  
  68  4:37  Drone  
  74  4:38  Roach  
  74  4:42  Overlord  
  74  4:43  Overlord  
  74  4:47  Zerg Missile Weapons Level 1  
  74  5:00  Queen  
  74  5:07  Roach x7  
  78  5:10  Metabolic Boost  
  90  5:19  Glial Reconstitution  
  90  5:27  Overlord x3  
  90  5:47  Roach x10  
  110  5:56  Roach x2  
  109  6:15  Roach x2  
  113  6:20  Overlord x5  
  99  6:35  Queen x2  
  99  6:36  Roach  
  99  6:37  Roach x4  
  113  6:41  Roach x2  
  117  6:49  Drone  
  117  6:50  Drone x4  
  122  6:54  Zerg Missile Weapons Level 2  
  122  6:59  Ravager x2  
  122  7:00  Ravager  
  125  7:09  Ravager  
  125  7:10  Ravager  
  125  7:11  Ravager  
  125  7:13  Roach x4  
  136  7:18  Drone x5  
  141  7:23  Overlord x2  
  141  7:40  Roach  
  141  7:41  Roach x7  
  157  7:49  Roach x2  
  132  8:18  Roach  
  132  8:19  Roach x14  
  146  8:32  Roach x7  
  160  8:38  Roach  
  160  8:39  Extractor  
  157  9:07  Roach x6  
  157  9:21  Roach x9  
  147  9:40  Roach x11  
  147  9:42  Zerg Ground Armor Level 1  
  147  9:45  Roach  
  149  10:01  Roach x6  
  149  10:06  Hatchery  
  149  10:07  Ravager  
  161  10:19  Overlord  
  161  10:21  Overlord x2  
  157  10:45  Roach x13  
  157  10:46  Roach x2  
  183  11:01  Overlord x3  
  183  11:17  Overlord  
  183  11:18  Drone, Overlord  
  183  11:19  Extractor  
  183  11:20  Drone x3  
  183  11:21  Drone x2  
Show
View Real Time Build Order
Export as new Build Order

SubN Zerg 

Build Orders: Hatch First 

Get SALT Encoding   

  12  0:00  Drone  
  13  0:12  Overlord  
  13  0:16  Drone  
  14  0:34  Drone x3  
  17  0:52  Hatchery  
  17  0:56  Drone  
  17  1:01  Extractor  
  16  1:12  Spawning Pool  
  16  1:15  Drone  
  16  1:18  Drone  
  17  1:21  Drone  
  18  1:28  Drone  
  19  1:39  Drone  
  20  1:50  Overlord  
  20  2:02  Queen  
  20  2:04  Queen  
  20  2:06  Metabolic Boost  
  24  2:10  Drone  
  24  2:14  Drone  
  26  2:17  Drone  
  26  2:20  Drone  
  28  2:29  Drone x2  
  30  2:33  Drone  
  31  2:46  Lair  
  31  2:49  Drone x3  
  34  2:57  Roach Warren  
  33  2:58  Evolution Chamber  
  33  3:03  Drone x2  
  33  3:04  Evolution Chamber  
  33  3:09  Overlord  
  33  3:15  Drone x2  
  33  3:16  Drone  
  36  3:20  Overlord  
  36  3:29  Drone x3  
  36  3:30  Drone  
  36  3:31  Drone  
  41  3:35  Drone  
  41  3:36  Extractor  
  41  3:40  Zerg Missile Weapons Level 1  
  41  3:45  Extractor  
  40  3:48  Drone  
  40  3:49  Drone  
  42  4:03  Drone x3  
  42  4:04  Glial Reconstitution  
  45  4:13  Overlord  
  45  4:22  Drone  
  46  4:26  Zerg Ground Armor Level 1  
  46  4:29  Overlord x3  
  46  4:33  Overseer  
  46  4:35  Drone x2  
  46  4:36  Drone x2  
  50  4:40  Extractor  
  50  4:45  Overlord x3  
  49  4:49  Hatchery  
  48  4:57  Overlord  
  48  4:59  Roach x3  
  60  5:00  Roach x3  
  60  5:04  Overlord  
  60  5:13  Roach  
  60  5:14  Roach x2  
  66  5:19  Overlord  
  66  5:34  Roach  
  66  5:35  Roach x7  
  82  5:47  Roach  
  82  5:48  Roach  
  86  5:58  Roach  
  86  5:59  Roach  
  90  6:12  Zerg Missile Weapons Level 2  
  90  6:14  Roach  
  90  6:15  Roach x3  
  98  6:21  Zerg Ground Armor Level 2  
  98  6:23  Queen  
  96  6:36  Roach  
  96  6:37  Roach x8  
  96  6:38  Ravager  
  111  6:54  Ravager x2  
  111  6:58  Overlord x2  
  113  7:02  Zergling x2  
  113  7:03  Zergling x10  
  119  7:14  Overlord  
  119  7:15  Overlord  
  119  7:17  Drone x8  
  123  7:38  Roach  
  123  7:39  Drone  
  123  7:42  Roach x8  
  123  7:43  Infestation Pit  
  139  7:47  Ravager  
  139  7:48  Ravager x3  
  143  7:53  Drone x3  
  143  7:54  Extractor  
  103  8:21  Roach  
  103  8:22  Roach x10  
  123  8:28  Ravager  
  123  8:29  Ravager x3  
  123  8:33  Drone x3  
  130  8:44  Roach x3  
  136  8:51  Hive  
  125  9:24  Roach x6  
  125  9:25  Roach x9  
  125  9:31  Overlord x5  
  110  9:49  Ravager x5  
  110  9:51  Roach  
  110  9:52  Roach x6  
  120  9:56  Extractor  
  119  10:11  Hatchery  
  119  10:13  Extractor  
  117  10:22  Drone x3  
  117  10:28  Roach x11  
  132  10:29  Roach  
  144  10:58  Overlord x3  
  144  11:00  Zergling x16  
  152  11:10  Overseer  
  152  11:11  Overlord  
  152  11:18  Drone x7  
  152  11:19  Drone  
  157  11:32  Roach x10  
Tags
 
Add a new tag
Caveats
  • Supply blocks, unpowered buildings, or Contaminate may cause inaccurate times.
  • Supply counts are checked every 10 seconds.